 Dungeon Crawl Stone Soup version 0.25-a0-413-g3b4b6a4ccc (webtiles) character file.

Game seed: 316177921761561684, levelgen mode: deterministic

0 MrRokkomies the Ducker (level 1, -17/11 HPs)
             Began as a Spriggan Abyssal Knight on Jan 17, 2020.
             Was a Follower of Lugonu.
             Killed from afar by a raiju (20 damage)
             ... with a living lightning
             ... on level 3 of the Abyss.
             The game lasted 00:00:50 (249 turns).

MrRokkomies the Ducker (Spriggan Abyssal Knight)     Turns: 249, Time: 00:00:51

Health: -17/11     AC:  2    Str:  8    XL:     1   Next: 0%
Magic:  3/3        EV: 18    Int: 13    God:    Lugonu [*.....]
Gold:   0          SH:  0    Dex: 15    Spells: 0/0 levels left

rFire    . . .     SeeInvis +   a - +1 short sword
rCold    . . .     Gourm    .   (shield restricted)
rNeg     . . .     Faith    .   b - +0 robe
rPois    .         Spirit   .   (helmet restricted)
rElec    .         Reflect  .   (no cloak)
rCorr    .         Harm     .   (gloves unavailable)
MR       +....                  (boots unavailable)
Stlth    +.........             (no amulet)
HPRegen  0.03/turn              d - ring of protection from magic
MPRegen  0.08/turn              (no ring)

@: slow
A: very small, unfitting armour, see invisible, herbivore, speed 3, slow
metabolism 2
a: Depart the Abyss, Renounce Religion


You were on level 3 of the Abyss.
You worshipped Lugonu.
Lugonu was aware of your devotion.
You were not hungry.

You visited 0 branches of the dungeon, and saw 0 of its levels.
You visited the Abyss 1 time.

Inventory:

Hand Weapons
 a - a +1 short sword (weapon)
Armour
 b - a +0 robe (worn)
Jewellery
 d - a ring of protection from magic (left hand)
Miscellaneous
 e - a phial of floods (inert)
Comestibles
 c - 2 rations


   Skills:
 + Level 2.4 Fighting
 + Level 2.1 Short Blades
 + Level 3.5 Dodging
 + Level 1.7 Invocations


You couldn't memorise any spells.
You didn't know any spells.
Your spell library was empty.

Dungeon Overview and Level Annotations

Branches:
Dungeon (0/15)

Altars:


Innate Abilities, Weirdness & Mutations

You are very small and have problems with some larger weapons.
You are too small for most types of armour.
You have supernaturally acute eyesight. (SInv)
You are a herbivore.
You cover ground extremely quickly.
You need to consume almost no food.


Message History

A raiju comes into view.
Evoke which item? (* to show all) (? for menu, Esc to quit)
Aim the phial where?
Press: ? - help, Shift-Dir - straight line, f - raiju
Aim: a raiju (hasn't noticed you)
The torrent of water hits the raiju!
The raiju is moderately wounded.
The raiju barks!
The raiju is knocked back by the torrent of water.
The wave splashes down.
The water rises up and takes form.
The raiju barks!
You hear a bark!
You hear a roar!
Your water elemental hits the raiju!!
A living lightning appears from out of your range of vision.
The raiju bites your water elemental but does no damage.
You enter the shallow water.
Moving in this stuff is going to be slow.
The raiju bursts into living lightning!
The living lightning hits you!!
Ouch! That really hurt!
You die...

..##...## ..# #
#.≈≈... ### ≈7.. .#
#≈≈..##. ## ..≈#.#.
###hE≈....#.# #≈.≈≈7.
#..≈.#.##..# ≈..≈.≈.
#.#..#...# .
..≈≈≈≈.#####Eh###...#.
#≈≈≈.≈#.≈.h..#.#h ..#
#@#X##≈h#.#.###. #
##.#.≈≈≈≈≈.#..#...
§§#≈≈.≈≈≈≈..#...#X ##§
≈≈.≈≈≈##......#
.≈≈#.≈.##... .#
#...#.≈.##.. ...
..###.#..#.## #..#
#..#. ..─. .# .. .#
#..


You could see 2 raiju and a friendly water elemental.

Vanquished Creatures (others)
  2 starspawn tentacles (Abyss:3)
2 creatures vanquished.

Notes
Turn   | Place    | Note
-------+----------+-------------------------------------------
     0 | Abyss:1  | MrRokkomies the Spriggan Abyssal Knight began the quest for
                  | the Orb.
     0 | Abyss:1  | Reached XP level 1. HP: 11/11 MP: 3/3
    53 | Abyss:1  | Noticed a sixfirhy
    72 | Abyss:1  | Noticed a small abomination
    91 | Abyss:1  | Noticed a large abomination
    97 | Abyss:1  | Noticed a large abomination
   106 | Abyss:2  | Found a shimmering altar of Xom.
   168 | Abyss:3  | Found a corrupted altar of Lugonu.
   216 | Abyss:3  | Noticed a ynoxinul
   227 | Abyss:3  | Noticed a tentacled starspawn
   229 | Abyss:3  | Noticed a great orb of eyes
   236 | Abyss:3  | Noticed a raiju
   238 | Abyss:3  | Noticed a raiju
   241 | Abyss:3  | Noticed a raiju
   245 | Abyss:3  | Noticed a large abomination
   249 | Abyss:3  | Killed from afar by a raiju

Levels and vault maps discovered:
Abyss:3:  hangedman_abyss_feature_spike, doesnt_abyss_rune_brain_food

Action                   || total
-------------------------++-------
Evoke: Phial of floods   ||     1
  Use: Scroll            ||     1

Table legend:
 A = Non-vault XP
 B = Vault XP
 C = Vault XP percentage of total XP
 D = Non-vault monster count
 E = Vault monster count
 F = Vault count percentage of total count
                 A         B        C        D         E       F
            +---------+---------+-------+---------+---------+-------
      Total |       0 |       0 |   N/A |       0 |       0 |  -nan
            +---------+---------+-------+---------+---------+-------
            +---------+---------+-------+---------+---------+-------
